 Dungeon Crawl Stone Soup version 0.30-a0-782-ge64f9170bb (webtiles) character file.

Game seed: 15039524659520196662

9909 vineage the Fighter (level 11, -9/76 HPs)
             Began as a Gargoyle Fighter on Mar 2, 2023.
             Was a Priest of Okawaru.
             Killed from afar by an acid dragon (22 damage)
             ... with a splash of acid
             ... on level 9 of the Dungeon.
             The game lasted 00:15:17 (12359 turns).

vineage the Fighter (Gargoyle Fighter)             Turns: 12359, Time: 00:15:17

Health: -9/76      AC: 24    Str: 22    XL:     11   Next: 53%
Magic:  13/13      EV:  5    Int:  9    God:    Okawaru [***...]
Gold:   314        SH: 20    Dex: 11    Spells: 10/10 levels left

rFire   . . .      SeeInvis .    H - +2 demon whip (venom)
rCold   . . .      Faith    .    N - +0 tower shield
rNeg    + . .      Spirit   .    g - +0 chain mail
rPois   ∞          Reflect  +    (no helmet)
rElec   +          Harm     .    (no cloak)
rCorr   .          Rampage  +    A - +0 pair of gloves
Will    .....                    I - +2 pair of boots {rampage} Stlth
                                 F - amulet of reflection
HPRegen 0.32/turn                q - ring of flight
MPRegen 0.13/turn                (no ring)

@: flying
A: sickness immunity, AC +8, negative energy resistance 1, electricity
resistance, torment resistance 1, petrification resistance
a: Renounce Religion, Heroism


You were on level 9 of the Dungeon.
You worshipped Okawaru.
Okawaru was most pleased with you.
You visited 2 branches of the dungeon, and saw 11 of its levels.
You also visited: Sewer, Ossuary and Bailey.

You collected 801 gold pieces.
You spent 487 gold pieces at shops.

Inventory:

Hand Weapons
 a - a +0 flail
 m - a +1 whip of flaming
 H - a +2 demon whip of venom (weapon)
Missiles
 y - a throwing net (quivered)
Armour
 c - a +1 buckler
 g - a +0 chain mail (worn)
 A - a +0 pair of gloves (worn)
 I - a +2 pair of boots of rampaging (worn)
 N - a +0 tower shield (worn)
Jewellery
 q - a ring of flight (left hand)
 F - an amulet of reflection (around neck)
 G - a ring of willpower
 K - an amulet of regeneration
Wands
 j - a wand of polymorph (12)
 l - a wand of iceblast (6)
 r - a wand of flame (14)
 C - a wand of light (5)
Scrolls
 k - 3 scrolls of amnesia
 o - 2 scrolls of teleportation
 p - 2 scrolls of blinking
 t - a scroll of fog
 v - 2 scrolls of poison
 z - a scroll of fear
 B - 2 scrolls of enchant weapon
 E - 4 scrolls of identify
Potions
 b - 3 potions of flight
 d - 3 potions of lignification {unknown}
 e - 3 potions of magic {unknown}
 f - a potion of attraction {unknown}
 h - 3 potions of brilliance
 i - 2 potions of heal wounds
 n - 2 potions of degeneration {unknown}
 s - 3 potions of curing
 u - a potion of invisibility {unknown}
 w - 2 potions of cancellation {unknown}
 x - 2 potions of resistance
 D - a potion of haste {unknown}
 J - 2 potions of mutation {unknown}
 L - a potion of experience {unknown}
 M - 2 potions of berserk rage


   Skills:
 + Level 12.6 Fighting
 + Level 8.0 Maces & Flails
 + Level 9.2 Armour
 + Level 9.2 Shields
 - Level 3.8 Invocations


You had 10 spell levels left.
You didn't know any spells.
Your spell library contained the following spells:

 Spells                   Type           Power      Damage    Failure   Level
 Apportation              Tloc           0%         N/A       100%        1
 Leda's Liquefaction      Hex/Erth       0%         N/A       100%        4
 Alistair's Intoxication  Tmut/Pois      0%         N/A       100%        5
 Blade Hands              Tmut           0%         N/A       100%        5
 Lee's Rapid Deconstruct  Erth           0%         3d4*      100%        5
 Iron Shot                Conj/Erth      0%         9d1       100%        6
 Animate Armour           Summ/Erth      Unusable   N/A       N/A         4
 Animate Dead             Necr           Unusable   N/A       N/A         4
 Statue Form              Tmut/Erth      Unusable   N/A       N/A         6
 Haunt                    Necr/Summ      Unusable   N/A       N/A         7
 Infestation              Necr           Unusable   N/A       N/A         8

Dungeon Overview and Level Annotations

Branches:
Dungeon (10/15)            Temple (1/1) D:7           Sewer (visited)
Ossuary (visited)          Bailey (visited)
   Lair: D:8-11         Orc: D:9-12

Altars:
Ashenzari
Cheibriados
Dithmenos
Gozag
Kikubaaqudgha
Nemelex Xobeh
Okawaru
Qazlal
Ru
Trog
Uskayaw
Vehumet
Wu Jian
Xom
Zin
The Shining One

Shops:
D:1 =*(:[   D:6 [   D:8 (

Annotations:
D:4 1 runed translucent door, gabibbone's ghost, novice OpSu
D:8 6 transporters
Temple 2 transporters


Innate Abilities, Weirdness & Mutations

You are immune to sickness and miasma.
Your stone body is resilient. (AC +8)
You are immune to poison.
You resist negative energy. (rN+)
You are resistant to electric shocks. (rElec)
You are resistant to unholy torment.
You are immune to petrification.


Message History

* * * LOW HITPOINT WARNING * * *
Something unexpectedly blocked you, preventing you from rampaging!
You hit something.
You hear some strange, mumbled words.
A magic dart appears from out of thin air!
The magic dart hits you but does no damage.
Something unexpectedly blocked you, preventing you from rampaging!
You miss something. Something hits you but does no damage.
The acid dragon spits acid at you.
The splash of acid hits you but does no damage.
Something unexpectedly blocked you, preventing you from rampaging!
You hit something but do no damage.
You hear some strange, mumbled words.
A puff of flame appears from out of thin air!
The puff of flame hits you.
* * * LOW HITPOINT WARNING * * *
Something unexpectedly blocked you, preventing you from rampaging!
You whack something! Okawaru accepts your kill.
Reactivating autopickup.
You feel a bit more experienced.
You thrash the orc warrior!!
The orc warrior is severely wounded.
You block the orc warrior's attack.
You hit the orc warrior.
The orc warrior is poisoned.
The orc warrior is severely wounded.
The orc warrior hits you with a +0 dire flail.
* * * LOW HITPOINT WARNING * * *
You hit the orc warrior.
The orc warrior is almost dead.
You kill the orc warrior!
Okawaru accepts your kill.
You closely miss the orc. You block the orc's attack.
You feel better. You block the orc's attack.
You thrash the orc!!
You kill the orc!
Okawaru accepts your kill. The acid dragon spits acid at you.
The splash of acid hits you!!
You die...

######...##....### ##.
#####.......# #..
##........# ##.#
##.........###..#
#####...............#
##..#......<........##
#....D..............##
#...#)#....>.........[
#####@#..#..........()
#######...........
#...>........
#............
##...........
##............
#.............
#....#.......#
#....##.......


You could see an acid dragon (catching breath).

Vanquished Creatures
  A two-headed ogre (D:9)
  A deep elf zephyrmancer (Bailey)
  An orc knight (Bailey)
  Maurice (D:9)
  The ghost of clease the Chopper, a novice MiFi (D:5)
  Maggie (D:7)
  An unseen horror (D:10)
  Grinder (D:5)
  Prince Ribbit (D:8)
  A shadow (D:9)
  9 yaks (D:9)
  Grum (D:8)
  3 water moccasins
  2 acid dragons (D:10)
  2 black bears
  8 orc warriors
  2 sky beasts (D:6)
  2 ice beasts
  3 wolves (D:8)
  3 ogres
  3 centaurs
  2 kobold brigands
  2 gnoll sergeants
  6 bullfrogs
  7 scorpions
  A necrophage (D:5)
  3 killer bees (D:9)
  2 howler monkeys (D:5)
  A jelly (D:6)
  4 hounds
  7 orc priests
  Jessica (D:3)
  11 orc wizards
  3 iguanas
  3 bullfrog simulacra (D:5)
  A scorpion simulacrum (D:5)
  8 mummies (Ossuary)
  12 adders
  13 gnolls
  A river rat (D:3)
  3 shadow imps
  A white imp (D:5)
  2 ufetubi
  4 worms (D:3)
  4 dart slugs
  50 orcs
  7 bats
  11 endoplasms
  9 giant cockroaches
  5 goblins
  6 hobgoblins
  4 jackals (D:3)
  3 quokkas
  13 ball pythons
  8 frilled lizards
  A gnoll zombie (Ossuary)
  A hobgoblin zombie (Ossuary)
  11 kobolds
  5 kobold zombies (Ossuary)
  An orc zombie (Ossuary)
  9 rats
294 creatures vanquished.

Notes
Turn   | Place    | Note
-------+----------+-------------------------------------------
     0 | D:1      | vineage the Gargoyle Fighter began the quest for the Orb.
     0 | D:1      | Reached XP level 1. HP: 14/14 MP: 1/1
    32 | D:1      | Found Hunux's General Store.
   150 | D:1      | Found Ewkeklu's Jewellery Shop.
   229 | D:1      | Reached XP level 2. HP: 20/20 MP: 2/2
   233 | D:1      | Reached skill level 4 in Fighting
   403 | D:1      | Found Hotitu's Antique Armour Emporium.
   496 | D:1      | Found a faded altar of an unknown god.
   539 | D:1      | Found Icahat's Book Emporium.
   616 | D:2      | Reached XP level 3. HP: 24/24 MP: 3/3
   804 | D:2      | Found a glowing golden altar of the Shining One.
   886 | D:2      | Reached skill level 5 in Fighting
  1362 | D:2      | Reached XP level 4. HP: 29/31 MP: 4/4
  1695 | D:3      | Reached skill level 6 in Fighting
  1711 | D:3      | Found a glowing drain.
  1717 | Sewer    | Entered a sewer
  1772 | Sewer    | Reached XP level 5. HP: 32/36 MP: 5/5
  1941 | Sewer    | Reached skill level 7 in Fighting
  1973 | Sewer    | Reached XP level 6. HP: 18/44 MP: 3/6
  2329 | D:3      | Noticed Jessica
  2349 | D:3      | Killed Jessica
  2800 | D:3      | Reached skill level 8 in Fighting
  3422 | D:4      | Found a sand-covered staircase.
  3556 | Ossuary  | Entered an ossuary
  3637 | Ossuary  | Reached XP level 7. HP: 7/50 MP: 2/7
  4296 | D:4      | Reached skill level 9 in Fighting
  4427 | D:4      | Noticed a wyvern
  4427 | D:4      | Noticed gabibbone's ghost (novice OpSu)
  4428 | D:4      | Found a runed translucent door.
  4780 | D:5      | Entered Level 5 of the Dungeon
  5016 | D:5      | Found a runed translucent gate.
  5017 | D:5      | Found a runed translucent gate.
  5018 | D:5      | Found a runed translucent gate.
  5162 | D:5      | Noticed Grinder
  5163 | D:5      | Reached XP level 8. HP: 30/57 MP: 1/8
  5638 | D:5      | Reached skill level 10 in Fighting
  5766 | D:5      | Paralysed by Grinder for 5 turns
  5801 | D:5      | Paralysed by Grinder for 5 turns
  5812 | D:5      | Paralysed by Grinder for 3 turns
  5815 | D:5      | Killed Grinder
  5816 | D:5      | Reached skill level 5 in Armour
  5816 | D:5      | Reached skill level 5 in Shields
  5994 | D:5      | Reached XP level 9. HP: 35/63 MP: 5/9
  6271 | D:5      | Noticed clease's ghost (novice MiFi)
  6583 | D:5      | Killed clease's ghost
  6869 | D:6      | Found Uced's Armour Shop.
  6980 | D:6      | Found a sacrificial altar of Ru.
  7015 | D:6      | Reached skill level 5 in Maces & Flails
  7492 | D:6      | Reached skill level 11 in Fighting
  7747 | D:7      | Found a staircase to the Ecumenical Temple.
  7762 | Temple   | Entered the Ecumenical Temple
  7762 | Temple   | Found a transporter.
  7762 | Temple   | Found a transporter.
  7764 | Temple   | Found a transporter.
  7764 | Temple   | Found a transporter.
  7779 | Temple   | Became a worshipper of Warmaster Okawaru
  8101 | D:7      | Noticed Maggie
  8147 | D:7      | Killed Maggie
  8147 | D:7      | Reached * piety under Okawaru
  8148 | D:7      | Reached XP level 10. HP: 24/70 MP: 1/10
  8354 | D:7      | Found a hide-covered altar of Uskayaw.
  8902 | D:8      | Found a transporter.
  8910 | D:8      | Found a transporter.
  8912 | D:8      | Noticed Prince Ribbit
  8935 | D:8      | Killed Prince Ribbit
  8936 | D:8      | Reached skill level 1 in Invocations
  9091 | D:8      | Found a transporter.
  9362 | D:8      | Found a transporter.
  9364 | D:8      | Found a transporter.
  9431 | D:8      | Found Inaogoag's Antique Weapon Emporium.
  9834 | D:8      | Noticed Grum
  9901 | D:8      | Killed Grum
 10105 | D:1      | Bought a +2 demon whip of venom for 420 gold pieces
 10482 | D:8      | Found a transporter.
 10710 | D:9      | Found a bloodstained altar of Trog.
 10752 | D:9      | Found a flagged portal.
 10775 | D:9      | Reached ** piety under Okawaru
 10781 | D:9      | Reached skill level 12 in Fighting
 10795 | D:9      | Reached XP level 11. HP: 41/76 MP: 11/13
 10808 | Bailey   | Entered a bailey
 11047 | Bailey   | Noticed an orc knight
 11057 | Bailey   | Killed an orc knight
 11062 | Bailey   | Found a large runed translucent door.
 11062 | Bailey   | Found a large runed translucent door.
 11062 | Bailey   | Noticed a deep elf zephyrmancer
 11269 | Bailey   | Killed a deep elf zephyrmancer
 11292 | Bailey   | Identified the +6 scale mail of Sif Muna's Inspiration
                  | {+Inv rElec rPois Str-4}
 11456 | D:9      | Noticed Maurice
 11456 | D:9      | Noticed a two-headed ogre
 11464 | D:9      | Killed a two-headed ogre
 11473 | D:9      | Killed Maurice
 11473 | D:9      | Reached *** piety under Okawaru
 11561 | D:9      | Found an ornate altar of the Wu Jian Council.
 11570 | D:9      | Found an opulent altar of Gozag.
 11799 | D:10     | Entered Level 10 of the Dungeon
 12251 | D:6      | Bought a +0 tower shield for 67 gold pieces
 12359 | D:9      | Killed from afar by an acid dragon

Illustrated notes

Levels and vault maps discovered:
D:1:      ebering_trefoil_twist, layout_loops_ring, serial_shops,
          nicolae_diamond_shop, shop, nicolae_shop_hallway_plus, shop,
          nicolae_shop_temple_entry_statues_fountains, basic_ecumenical_altar
D:2:      layout_basic, basic_altar, minmay_tetromino_o2
D:3:      layout_loops_corners, lightli_sewer_entry_pipes, uniq_jessica
D:4:      layout_loops_cross, ebering_ghost_inner_flame,
          nicolae_ossuary_entry_false_entrances
D:5:      kennysheep_six_static_rooms, layout_loops_ring, gammafunk_ghost_icy,
          grunt_ministairs_13, uniq_grinder
D:6:      layout_basic, nicolae_overflow_hidden_temple, serial_shops, shop
D:7:      layout_loops_cross, mainiacjoe_overflow_24_doors,
          minmay_temple_entry_slanted, uniq_maggie
D:8:      layout_layer_cave, hangedman_abyss_or_decor_lesser_grid,
          nicolae_stop_n_shop_1, grunt_ministairs_14, serial_nicolae_subway,
          nicolae_sub_station_crystal, nicolae_sub_station_metal,
          nicolae_sub_station_stone, uniq_prince_ribbit1, uniq_grum
D:9:      layout_cave_pools, lemuel_tele_altar, mainiacjoe_overflow_swirl,
          enter_bailey_2, uniq_maurice
D:10:     layout_cave_pools, minmay_overflow_temple_hex
Temple:   hellmonk_temple_divided_pantheon

Skill      XL: |  1  2  3  4  5  6  7  8  9 10 11 |
---------------+----------------------------------+-----
Fighting       | 4 5 6 7 8 9 10 11 12 | 12.6
Armour         | 5 7 8 9 |  9.2
Shields        | 5 7 8 9 |  9.2
Maces & Flails | 4 6 7 8 |  8.0
Invocations    | 3 |  3.8

Action                     |  1- 3 |  4- 6 |  7- 9 | 10-12 || total
---------------------------+-------+-------+-------+-------++-------
  Melee: Flail             |   116 |    32 |       |       ||   148
         Whip              |       |   313 |   702 |   244 ||  1259
         Unarmed           |       |    16 |       |       ||    16
         Demon whip        |       |       |       |   237 ||   237
 Invoke: Heroism           |       |       |       |     7 ||     7
    Use: Scroll            |     5 |     5 |    12 |     1 ||    23
         Potion            |       |     4 |     6 |     2 ||    12
 Armour: Scale mail        |     9 |       |       |       ||     9
         Chain mail        |    73 |   217 |   450 |   236 ||   976
  Dodge: Dodged            |    52 |   126 |   239 |   144 ||   561
  Block: Buckler           |    28 |    61 |   166 |   227 ||   482
         Reflection        |       |       |       |     3 ||     3
         Tower shield      |       |       |       |    14 ||    14

Table legend: (Time is in decaauts)
 A = Elapsed time spent in this place.
 B = Non-inter-level travel time spent in this place.
 C = Inter-level travel time spent in this place.
 D = Time resting spent in this place.
 E = Time spent auto-exploring this place.
 F = Levels seen in this place.
 G = Mean time per level.
                   A        B        C        D        E       F      G
               +--------+--------+--------+--------+--------+-----+--------+
         Total |  12341 |  11273 |   1068 |   1417 |   7185 |  14 |  881.5 |
       Dungeon |  10626 |   9573 |   1053 |    753 |   6649 |  10 | 1062.6 |
        Temple |     30 |     15 |     15 |      0 |      6 |   1 |   30.0 |
         Sewer |    565 |    565 |      0 |    212 |    161 |   1 |  565.0 |
       Ossuary |    624 |    624 |      0 |    260 |    200 |   1 |  624.0 |
        Bailey |    494 |    494 |      0 |    192 |    168 |   1 |  494.0 |
               +--------+--------+--------+--------+--------+-----+--------+

Top non-repeatable levels by time:
     D:5: 2082 daAuts
     D:3: 1558 daAuts
     D:8: 1514 daAuts
     D:7: 1160 daAuts
     D:6: 991 daAuts
     D:2: 845 daAuts
     D:4: 819 daAuts
     D:1: 660 daAuts
 Ossuary: 624 daAuts
     D:9: 610 daAuts
   Sewer: 565 daAuts
  Bailey: 494 daAuts
    D:10: 384 daAuts
  Temple: 30 daAuts
